[Event "Titled Tuesday Blitz August 1 Late 2023"]
[White "CatLivesMatter"]
[Black "Fernandez Siles, Luis"]
[BlackFideId "2209420"]
[WhiteElo "2445"]
[BlackElo "2296"]
[Result "1/2-1/2"]
[Round "4"]
[TimeControl "180+1"]
[Date "2023.08.01"]
[WhiteClock "0:00:41"]
[BlackClock "0:01:26"]
[Board "132"]

1. e4 c5 2. Nc3 Nc6 3. Nf3 g6 4. d4 cxd4 5. Nxd4 Bg7 6. Be3 d6 7. Bc4 Nf6 8. f3 O-O 9. Bb3 Bd7 10. Qd2 Qa5 11. h4 Rfc8 12. O-O-O Ne5 13. h5 Rxc3 14. Qxc3 Qxc3 15. bxc3 Nxh5 16. g4 Nf6 17. Kd2 Nxf3+ 18. Nxf3 Bxg4 19. Rhf1 Nxe4+ 20. Kc1 e6 21. Bd4 Ng3 22. Rf2 Ne4 23. Rff1 Ng3 24. Rf2 Ne4 25. Rff1 1/2-1/2


[Site "https://www.chess.com"]

[Event "Titled Tuesday Blitz August 1 Late 2023"]
[White "slidingknight2775"]
[Black "Ward, Ieuan C"]
[BlackFideId "406627"]
[WhiteElo "2445"]
[BlackElo "2294"]
[Result "1-0"]
[Round "4"]
[TimeControl "180+1"]
[Date "2023.08.01"]
[WhiteClock "0:00:07"]
[BlackClock "0:00:00"]
[Board "133"]

1. d4 Nf6 2. c4 e6 3. Nc3 Bb4 4. e3 d5 5. a3 Bxc3+ 6. bxc3 O-O 7. Bd3 b6 8. cxd5 exd5 9. Ne2 c5 10. O-O Bb7 11. f3 Nbd7 12. Ng3 Re8 13. Ra2 Qc7 14. Re2 cxd4 15. cxd4 a5 16. e4 dxe4 17. fxe4 Rad8 18. e5 Nd5 19. Ref2 Rf8 20. Qh5 g6 21. Qh4 Qc3 22. Rxf7 Rxf7 23. Qxd8+ Nf8 24. Bh6 Qxd4+ 25. Kh1 Rxf1+ 26. Bxf1 Qf2 27. Bc4 Qf7 28. h3 b5 29. Bxf8 Qxf8 30. Bxd5+ Bxd5 31. Qxd5+ Kg7 32. Qxb5 Qxa3 33. Qd7+ Kh6 34. Kh2 Qc5 35. e6 Qe5 36. e7 1-0


[Site "https://www.chess.com"]

[Event "Titled Tuesday Blitz August 1 Late 2023"]
[White "Garmendiarov"]
[Black "Rodriguez, Santiago"]
[BlackFideId "3000591"]
[WhiteElo "2279"]
[BlackElo "2442"]
[Result "1-0"]
[Round "4"]
[TimeControl "180+1"]
[Date "2023.08.01"]
[WhiteClock "0:00:13"]
[BlackClock "0:00:30"]
[Board "134"]

1. e4 c5 2. Nf3 Nc6 3. Bb5 g6 4. Bxc6 bxc6 5. d4 cxd4 6. Qxd4 f6 7. e5 Bg7 8. Bf4 Qb6 9. Qxb6 axb6 10. exf6 Nxf6 11. Nc3 O-O 12. O-O-O Ng4 13. Bg3 Bxc3 14. bxc3 Rxa2 15. Kb1 Ra5 16. Rhe1 e6 17. h3 Nf6 18. Bd6 Re8 19. c4 Ra4 20. Ne5 Ba6 21. Rd4 b5 22. Rf4 Kg7 23. g4 g5 24. Rd4 bxc4 25. f4 h6 26. fxg5 hxg5 27. Rf1 c3 28. Rxa4 Bxf1 29. Ra7 Bxh3 30. Nxd7 Nxd7 31. Rxd7+ Kg6 32. Be5 Bxg4 33. Bxc3 e5 34. Rd6+ Kf5 35. Rxc6 e4 36. Rf6# 1-0


[Site "https://www.chess.com"]

[Event "Titled Tuesday Blitz August 1 Late 2023"]
[White "Vaglio Munoz, Jaime"]
[Black "Zhukova, Natalia"]
[WhiteFideId "6500145"]
[BlackFideId "14101513"]
[WhiteElo "2278"]
[BlackElo "2437"]
[Result "0-1"]
[Round "4"]
[TimeControl "180+1"]
[Date "2023.08.01"]
[WhiteClock "0:00:36"]
[BlackClock "0:01:10"]
[Board "135"]

1. Nf3 Nf6 2. c4 c5 3. b3 d5 4. cxd5 Nxd5 5. Bb2 Nc6 6. g3 f6 7. Bg2 e5 8. d3 Be7 9. O-O O-O 10. Nc3 Be6 11. Rc1 Qd7 12. Re1 Rac8 13. Nd2 Rfd8 14. Nde4 b6 15. Qd2 h6 16. Red1 f5 17. Nxd5 Bxd5 18. Nc3 Bxg2 19. Kxg2 Bg5 20. e3 f4 21. Qe2 Rf8 22. exf4 exf4 23. f3 fxg3 24. hxg3 Bxc1 25. Bxc1 Nd4 26. Qe4 Rce8 27. Qg6 Rf6 28. Qh5 Nxf3 29. Ne4 Rxe4 30. Bb2 Re2+ 31. Kh1 Rxb2 0-1


[Site "https://www.chess.com"]

[Event "Titled Tuesday Blitz August 1 Late 2023"]
[White "Rama, Tejas"]
[Black "Vafin, Ayrat"]
[WhiteFideId "30907381"]
[BlackFideId "4146530"]
[WhiteElo "2436"]
[BlackElo "2277"]
[Result "1/2-1/2"]
[Round "4"]
[TimeControl "180+1"]
[Date "2023.08.01"]
[WhiteClock "0:00:05"]
[BlackClock "0:00:12"]
[Board "136"]

1. d4 d5 2. c4 e6 3. Nf3 Nf6 4. Nc3 Be7 5. Bf4 O-O 6. e3 b6 7. Bd3 Bb7 8. cxd5 Nxd5 9. Nxd5 Qxd5 10. Qc2 Qa5+ 11. Ke2 Ba6 12. Rhc1 c5 13. a3 cxd4 14. Nxd4 Qh5+ 15. Ke1 e5 16. Bxa6 Nxa6 17. Qf5 Qxf5 18. Nxf5 Bf6 19. Bg3 Nc5 20. Rc2 e4 21. Rb1 Rfd8 22. Nd6 h5 23. h3 Be7 24. Nf5 Bf6 25. Nd6 Be7 26. Nc4 Rac8 27. Ke2 Nd3 28. a4 f5 29. b3 h4 30. Bh2 a6 31. Rd2 b5 32. axb5 axb5 33. Ne5 Bf6 34. Nxd3 exd3+ 35. Kd1 Bc3 36. Ra2 d2 37. Bf4 Rd7 38. e4 fxe4 39. Ke2 Rcd8 40. Rd1 Bb4 41. Bxd2 Kf7 42. Rc2 Ke6 43. Rc6+ Kf7 44. Rc2 Ke6 45. Ke3 Kf7 46. Ke2 1/2-1/2


[Site "https://www.chess.com"]

[Event "Titled Tuesday Blitz August 1 Late 2023"]
[White "Herman, Daniel"]
[Black "Pein, Malcolm"]
[WhiteFideId "30935008"]
[BlackFideId "400289"]
[WhiteElo "2433"]
[BlackElo "2272"]
[Result "1-0"]
[Round "4"]
[TimeControl "180+1"]
[Date "2023.08.01"]
[WhiteClock "0:00:28"]
[BlackClock "0:00:10"]
[Board "137"]

1. d4 Nf6 2. c4 g6 3. f3 d6 4. e4 Bg7 5. Nc3 O-O 6. Be3 Nc6 7. Qd2 a6 8. O-O-O e5 9. Nge2 b5 10. d5 Na5 11. Ng3 bxc4 12. h4 h5 13. Na4 c6 14. Bb6 Qe8 15. Qxa5 cxd5 16. exd5 e4 17. Bxc4 Bd7 18. Kb1 Bxa4 19. Rde1 Bb5 20. Bb3 Rb8 21. Bd4 Bd3+ 22. Ka1 Rb5 23. Qc3 Nxd5 24. Bxd5 Bxd4 25. Qxd4 Qd8 26. Nxe4 Qa5 27. Nf6+ 1-0


[Site "https://www.chess.com"]

[Event "Titled Tuesday Blitz August 1 Late 2023"]
[White "Andreassen, Lars"]
[Black "Novikov, Evgenij"]
[WhiteFideId "1504878"]
[BlackFideId "4125380"]
[WhiteElo "2272"]
[BlackElo "2431"]
[Result "0-1"]
[Round "4"]
[TimeControl "180+1"]
[Date "2023.08.01"]
[WhiteClock "0:00:00"]
[BlackClock "0:01:13"]
[Board "138"]

1. d4 Nf6 2. Nf3 d5 3. Bg5 c5 4. e3 cxd4 5. exd4 Nc6 6. c3 a6 7. Nbd2 Bf5 8. Qb3 Qd7 9. Be2 e6 10. O-O Bd6 11. Rfe1 O-O 12. a4 Ne4 13. Nxe4 Bxe4 14. Bh4 Bg6 15. Bg3 Rfe8 16. Nh4 Bxg3 17. hxg3 Ne7 18. f4 Be4 19. Nf3 Nf5 20. Kf2 Qc7 21. a5 h6 22. Qb6 Rac8 23. Qxc7 Rxc7 24. g4 Nd6 25. Ne5 f6 26. Nf3 Kf7 27. g3 Bxf3 28. Bxf3 Nc4 29. Re2 Rd8 30. Rc2 Nd6 31. Ke3 Nb5 32. Be2 Nd6 33. Bd3 Rdc8 34. Ra4 Nc4+ 35. Bxc4 Rxc4 36. Rxc4 Rxc4 37. b4 Ke7 38. Kd3 Kd6 39. Re2 Rc7 40. Re1 Re7 41. Re2 Kc6 42. Re1 Kb5 43. Re2 b6 44. axb6 Kxb6 45. Ra2 e5 46. fxe5 fxe5 47. dxe5 Rxe5 48. Rf2 Rg5 49. Rf4 a5 50. bxa5+ Kxa5 51. Kd4 Kb5 0-1


[Site "https://www.chess.com"]

[Event "Titled Tuesday Blitz August 1 Late 2023"]
[White "Ruge, Edison"]
[Black "WindWhistler11"]
[WhiteFideId "4401000"]
[WhiteElo "2259"]
[BlackElo "2430"]
[Result "0-1"]
[Round "4"]
[TimeControl "180+1"]
[Date "2023.08.01"]
[WhiteClock "0:00:00"]
[BlackClock "0:00:03"]
[Board "139"]

1. e4 e6 2. d3 d5 3. Nd2 Nf6 4. Ngf3 c5 5. g3 g6 6. Bg2 Bg7 7. O-O O-O 8. Re1 Nc6 9. c3 b6 10. exd5 Nxd5 11. Nb3 a5 12. a4 Ba6 13. d4 cxd4 14. Nbxd4 Nce7 15. Ne5 Rc8 16. h4 Qc7 17. Ng4 h5 18. Ne3 Nf6 19. Bd2 Rfd8 20. Qf3 e5 21. Nb3 Bd3 22. Qb7 Qd6 23. Rad1 e4 24. Bc1 Rc7 25. Rxd3 exd3 26. Qf3 Qc6 27. Qf4 Qd7 28. Nd4 Ned5 29. Nxd5 Nxd5 30. Bxd5 Bxd4 31. cxd4 Rxc1 32. Bxf7+ Qxf7 33. Qxc1 Rxd4 34. Qe3 d2 35. Rd1 Qd7 36. Kh2 Kh7 37. b3 Rd3 38. Qxb6 Qf7 39. Qc5 Qxb3 40. Qe7+ Kg8 41. Qe8+ Kg7 42. Qe5+ Kf8 43. Qh8+ Kf7 44. Qh7+ Kf6 45. Qh8+ Kf5 46. Qf8+ Ke4 47. Qf4+ Kd5 48. Qg5+ Kc4 0-1


[Site "https://www.chess.com"]

[Event "Titled Tuesday Blitz August 1 Late 2023"]
[White "Ingunza Curro, Andres"]
[Black "BrandonJiang123456"]
[WhiteFideId "24526371"]
[WhiteElo "2426"]
[BlackElo "2255"]
[Result "1-0"]
[Round "4"]
[TimeControl "180+1"]
[Date "2023.08.01"]
[WhiteClock "0:00:29"]
[BlackClock "0:01:00"]
[Board "140"]

1. e4 c5 2. b3 e5 3. Bb2 Nc6 4. Bc4 d6 5. Ne2 Nf6 6. Nbc3 Be7 7. O-O O-O 8. d3 a6 9. a4 Be6 10. Ng3 g6 11. Bc1 Kg7 12. f4 exf4 13. Bxf4 Bxc4 14. bxc4 Qd7 15. Qd2 Nd4 16. Bh6+ Kg8 17. Bxf8 Rxf8 18. Rab1 Ng4 19. Nd5 Bd8 20. h3 Ne5 21. c3 Ne6 22. Nf5 gxf5 23. exf5 Bg5 24. fxe6 Bxd2 25. Nf6+ Kg7 26. Nxd7 Nxd7 27. exd7 Rd8 28. Rxb7 Bxc3 29. Rfb1 Kf6 30. Kf2 Ke7 31. Ra7 a5 32. Rbb7 Bg7 33. Kf3 Bc3 34. Ke4 Bb4 35. Kd5 Bc3 36. Rc7 Bd2 37. Kc6 Be1 38. Rc8 Bh4 39. Rxd8 1-0


[Site "https://www.chess.com"]

[Event "Titled Tuesday Blitz August 1 Late 2023"]
[White "Broca Jimenez, Fernando"]
[Black "Todorovic, Bojan"]
[WhiteFideId "5104742"]
[BlackFideId "917087"]
[WhiteElo "2239"]
[BlackElo "2425"]
[Result "0-1"]
[Round "4"]
[TimeControl "180+1"]
[Date "2023.08.01"]
[WhiteClock "0:00:06"]
[BlackClock "0:01:18"]
[Board "141"]

1. e4 c6 2. d4 d5 3. Nc3 dxe4 4. Nxe4 Bf5 5. Ng3 Bg6 6. h4 h6 7. h5 Bh7 8. Nf3 Nd7 9. Bd3 Bxd3 10. Qxd3 e6 11. Bf4 Ngf6 12. O-O-O Qb6 13. Kb1 Be7 14. Ne4 Nxe4 15. Qxe4 Nf6 16. Qe2 O-O 17. Ne5 c5 18. dxc5 Bxc5 19. g4 Rad8 20. g5 Rxd1+ 21. Rxd1 hxg5 22. Bxg5 Rd8 23. h6 Rxd1+ 24. Qxd1 Qd6 25. Qxd6 Bxd6 26. Nc4 Bc7 27. hxg7 Ne4 28. Be3 b5 29. Nd2 Nxd2+ 30. Bxd2 Kxg7 31. Be3 a5 32. c3 Kg6 33. Kc2 Kf5 34. Kd3 e5 35. c4 bxc4+ 36. Kxc4 Ke4 37. Kb5 f5 38. Kc6 Bd8 39. Kd7 Bh4 40. b3 f4 41. Bb6 Kd3 42. Ke6 e4 43. Kf5 e3 44. Kxf4 exf2 45. Bxf2 Bxf2 46. a3 Kc3 47. b4 a4 48. Kf3 Ba7 49. Ke4 Kb3 50. Kd3 Kxa3 51. Kc3 Bb8 52. b5 Be5+ 53. Kc2 Kb4 54. b6 a3 55. Kb1 Kb3 56. b7 a2+ 57. Kc1 a1=Q+ 58. Kd2 Qd4+ 0-1


[Site "https://www.chess.com"]

[Event "Titled Tuesday Blitz August 1 Late 2023"]
[White "Cheng, Xiao"]
[Black "UgarteCesar"]
[WhiteFideId "2022915"]
[WhiteElo "2425"]
[BlackElo "2229"]
[Result "1-0"]
[Round "4"]
[TimeControl "180+1"]
[Date "2023.08.01"]
[WhiteClock "0:00:58"]
[BlackClock "0:00:00"]
[Board "142"]

1. c4 e6 2. Nc3 d5 3. d4 h6 4. cxd5 exd5 5. Bf4 c6 6. Qc2 Bd6 7. Bg3 Nf6 8. e3 O-O 9. Bd3 Re8 10. Nge2 a6 11. Bxd6 Qxd6 12. Ng3 b5 13. O-O Be6 14. Rae1 Nbd7 15. f3 b4 16. Na4 Rec8 17. Rc1 Qe7 18. e4 dxe4 19. fxe4 Ng4 20. Rfe1 Qh4 21. Nf1 f6 22. h3 Nge5 23. dxe5 Nxe5 24. Be2 Rd8 25. Nh2 Bxh3 26. Qb3+ Kh8 27. Qxh3 Qxe4 28. Ng4 Qd4+ 29. Kh1 Nd7 30. Rcd1 Qa7 31. Bf3 Nf8 32. Rxd8 Rxd8 33. b3 Ng6 34. Qh5 Nf4 35. Qf5 Nd3 36. Rd1 Qd4 37. Be4 Nf2+ 38. Nxf2 1-0


[Site "https://www.chess.com"]

[Event "Titled Tuesday Blitz August 1 Late 2023"]
[White "Necromon"]
[Black "Feliz Dotel, Dewar Bienvenido"]
[BlackFideId "6402801"]
[WhiteElo "2421"]
[BlackElo "2158"]
[Result "0-1"]
[Round "4"]
[TimeControl "180+1"]
[Date "2023.08.01"]
[WhiteClock "0:00:16"]
[BlackClock "0:00:39"]
[Board "143"]

1. Nf3 d5 2. c4 e6 3. g3 c5 4. Bg2 Nc6 5. cxd5 exd5 6. O-O Nf6 7. d4 Be7 8. dxc5 Bxc5 9. Nbd2 O-O 10. Nb3 Bb6 11. Bf4 Bg4 12. Qd3 Re8 13. h3 Bh5 14. Bg5 Bg6 15. Qd2 Qd6 16. Bf4 Qb4 17. Qxb4 Nxb4 18. a3 Nc2 19. Rac1 Rxe2 20. Ne5 Nd4 21. Nxd4 Bxd4 22. Nxg6 hxg6 23. b4 a5 24. Rc7 b6 25. Bf3 Rb2 26. bxa5 Rxa5 27. Bg5 Ne4 28. Bxe4 dxe4 29. Be7 Re5 30. Bb4 e3 31. fxe3 Rxe3 32. Kh1 Rxg3 33. Rcxf7 Rxh3# 0-1


[Site "https://www.chess.com"]

[Event "Titled Tuesday Blitz August 1 Late 2023"]
[White "Francisco_Ferrari"]
[Black "Vega Gutierrez, Sabrina"]
[BlackFideId "2219026"]
[WhiteElo "2228"]
[BlackElo "2419"]
[Result "0-1"]
[Round "4"]
[TimeControl "180+1"]
[Date "2023.08.01"]
[WhiteClock "0:00:02"]
[BlackClock "0:00:59"]
[Board "144"]

1. e4 c5 2. Nf3 Nc6 3. Bb5 Nf6 4. Nc3 g6 5. O-O Bg7 6. Bxc6 dxc6 7. d3 O-O 8. a4 Bg4 9. h3 Bxf3 10. Qxf3 Ne8 11. Be3 b6 12. a5 Nc7 13. Ne2 Ne6 14. c3 Qxd3 15. Rfd1 Qb5 16. axb6 axb6 17. Rxa8 Rxa8 18. Rd7 Bf8 19. Ng3 Qxb2 20. Nf5 gxf5 21. exf5 Ng7 22. f6 exf6 23. Qxc6 Ra1+ 24. Kh2 Qxc3 25. Qxb6 Qe5+ 26. g3 Qe4 27. Qb7 Qxb7 28. Rxb7 Ne6 29. Rb8 Kg7 30. Rc8 Ra2 31. Kg2 f5 32. Kf3 Kf6 33. Rc6 Ke5 34. Rc8 Bd6 35. h4 Nd4+ 36. Kg2 Ke4 37. Re8+ Ne6 38. h5 Be5 39. Kh3 f4 40. gxf4 Bxf4 41. Bxf4 Kxf4 42. Re7 f5 43. Rxe6 Rxf2 44. Rc6 Rc2 45. Rc7 Kf3 46. Rxh7 Rc1 47. Kh4 Kf4 48. Rc7 Rh1# 0-1


[Site "https://www.chess.com"]

[Event "Titled Tuesday Blitz August 1 Late 2023"]
[White "Davidson, Kevin"]
[Black "Gyulamiryan-koryun"]
[WhiteFideId "2056810"]
[WhiteElo "2417"]
[BlackElo "2116"]
[Result "1-0"]
[Round "4"]
[TimeControl "180+1"]
[Date "2023.08.01"]
[WhiteClock "0:00:03"]
[BlackClock "0:00:00"]
[Board "145"]

1. e4 e5 2. Nf3 Nc6 3. Bb5 a6 4. Ba4 Nf6 5. O-O Be7 6. Re1 b5 7. Bb3 O-O 8. a4 b4 9. d4 d6 10. dxe5 Nxe5 11. Nxe5 dxe5 12. Nd2 a5 13. h3 Bb7 14. Qf3 Qd4 15. c3 bxc3 16. bxc3 Qc5 17. Ba3 Qxa3 18. Rxa3 Bxa3 19. Nc4 Bd6 20. Bc2 Bc6 21. Rd1 Rfd8 22. Qe3 Bb7 23. f3 Nh5 24. Nxd6 cxd6 25. Qb6 Ba6 26. Rxd6 Rdb8 27. Qxa5 Bd3 28. Qxa8 Rxa8 29. Bxd3 Kf8 30. Bb5 Nf4 31. Kf2 Ne6 32. Rd5 f6 33. g3 Ke7 34. Ke3 Ra7 35. f4 exf4+ 36. gxf4 h6 37. h4 g5 38. hxg5 hxg5 39. f5 Nf4 40. Rc5 Ng2+ 41. Kf3 Nf4 42. c4 Nd3 43. Rd5 Ne5+ 44. Ke3 Ng4+ 45. Kd4 Ne5 46. c5 1-0


[Site "https://www.chess.com"]

[Event "Titled Tuesday Blitz August 1 Late 2023"]
[White "Tarnowska, Aleksandra"]
[Black "Jorajuria Mendoza, Algol"]
[WhiteFideId "1180967"]
[BlackFideId "5128897"]
[WhiteElo "2140"]
[BlackElo "2416"]
[Result "1-0"]
[Round "4"]
[TimeControl "180+1"]
[Date "2023.08.01"]
[WhiteClock "0:00:07"]
[BlackClock "0:00:00"]
[Board "146"]

1. e4 c5 2. Nf3 Nc6 3. Bb5 g6 4. O-O Bg7 5. c3 Nf6 6. e5 Nd5 7. Bxc6 dxc6 8. d4 cxd4 9. cxd4 h6 10. Nc3 Be6 11. Re1 g5 12. Ne4 b6 13. Bd2 Qd7 14. Rc1 O-O 15. Bc3 Nf4 16. Ng3 Bg4 17. Re3 Qd5 18. h3 Bxh3 19. gxh3 Nxh3+ 20. Kf1 Nf4 21. Ne2 Ng6 22. Ng3 Qd7 23. Ke2 Nf4+ 24. Kd2 c5 25. Kc2 cxd4 26. Qxd4 Qb7 27. Nf5 Rfd8 28. Qe4 Qa6 29. Nxe7+ Kh8 30. Nxg5 hxg5 31. Rh1+ 1-0


[Site "https://www.chess.com"]

[Event "Titled Tuesday Blitz August 1 Late 2023"]
[White "i_like_explosions"]
[Black "ilya2700"]
[WhiteElo "2414"]
[BlackElo "2095"]
[Result "1-0"]
[Round "4"]
[TimeControl "180+1"]
[Date "2023.08.01"]
[WhiteClock "0:00:08"]
[BlackClock "0:00:06"]
[Board "147"]

1. d4 d5 2. c4 e6 3. cxd5 exd5 4. Nc3 Nf6 5. Bg5 Be7 6. Qc2 O-O 7. e3 Nbd7 8. Bd3 b6 9. Nf3 Bb7 10. O-O c5 11. h3 Rc8 12. Bf5 g6 13. Bd3 Ne4 14. Bxe7 Qxe7 15. Qa4 a6 16. dxc5 Ndxc5 17. Qc2 Nxc3 18. Qxc3 Ne4 19. Qd4 b5 20. Rac1 Qf6 21. Qxf6 Nxf6 22. Nd4 Ne4 23. Rfd1 Kg7 24. Kf1 Rxc1 25. Rxc1 Nd2+ 26. Ke2 Nc4 27. b3 Ne5 28. Rc7 Bc8 29. h4 h5 30. g3 Re8 31. Kd2 Bg4 32. Bf1 Ra8 33. Bg2 Rd8 34. Ra7 Bc8 35. Ra8 Kf8 36. Bxd5 Rxd5 37. Rxc8+ Ke7 38. Ra8 Rd6 39. Ke2 Nc6 40. Nxc6+ Rxc6 41. Ra7+ Ke6 42. Kd3 f6 43. Ke4 Rd6 44. f4 f5+ 45. Kf3 Rc6 46. a4 bxa4 47. bxa4 Rb6 48. a5 Rc6 49. Ke2 Rd6 50. Rb7 Kf6 51. Rb6 Ke7 52. Rxd6 Kxd6 53. Kd3 Kd5 54. Kd2 Ke4 55. Ke2 Kd5 56. Kd3 Kc5 57. e4 Kb4 58. e5 Kxa5 59. e6 Kb4 60. e7 a5 61. e8=Q a4 62. Qb8+ Ka3 63. Kc3 Ka2 64. Qb2# 1-0


[Site "https://www.chess.com"]

[Event "Titled Tuesday Blitz August 1 Late 2023"]
[White "Kielinkei"]
[Black "Hartikainen, Jarmo"]
[BlackFideId "503134"]
[WhiteElo "2412"]
[BlackElo "2092"]
[Result "1-0"]
[Round "4"]
[TimeControl "180+1"]
[Date "2023.08.01"]
[WhiteClock "0:00:15"]
[BlackClock "0:00:00"]
[Board "148"]

1. c4 e5 2. Nc3 Nf6 3. g3 Be7 4. Bg2 O-O 5. d3 c6 6. Nf3 d6 7. O-O Be6 8. b3 h6 9. Bb2 Nbd7 10. e3 d5 11. cxd5 cxd5 12. Rc1 a6 13. Qe2 Bd6 14. h3 Rc8 15. Rc2 b5 16. Rfc1 Nb6 17. Kh2 Qe7 18. Nd2 b4 19. Ncb1 Rxc2 20. Rxc2 Rc8 21. Nf3 e4 22. Nd4 exd3 23. Rxc8+ Nxc8 24. Qxd3 Nd7 25. Qxa6 Ne5 26. Nxe6 Qxe6 27. Bxd5 Qxd5 28. Qxc8+ Kh7 29. Bxe5 Qxe5 30. Qc2+ g6 31. Nd2 h5 32. Nc4 Qe6 33. Qd3 Be7 34. Qd4 Bf6 35. Qb6 Qf5 36. Kg2 Kg7 37. Nd6 Qd5+ 38. e4 1-0


[Site "https://www.chess.com"]

[Event "Titled Tuesday Blitz August 1 Late 2023"]
[White "Kubatko, Ivan"]
[Black "Curtis, John"]
[WhiteFideId "24111473"]
[BlackFideId "3200256"]
[WhiteElo "2411"]
[BlackElo "2088"]
[Result "1/2-1/2"]
[Round "4"]
[TimeControl "180+1"]
[Date "2023.08.01"]
[WhiteClock "0:00:02"]
[BlackClock "0:00:06"]
[Board "149"]

1. e4 c5 2. c3 e6 3. d4 d5 4. exd5 Qxd5 5. Nf3 Nf6 6. Na3 Qd8 7. Nc4 Nc6 8. a3 cxd4 9. cxd4 Ne7 10. Qa4+ Nc6 11. Nce5 Bd7 12. Nxd7 Qxd7 13. Bb5 Bd6 14. O-O O-O 15. Rd1 Rfc8 16. Bg5 Nd5 17. Rac1 a6 18. Bd3 Ne5 19. Qxd7 Nxd7 20. Be4 h6 21. Bd2 N7f6 22. Bd3 Kf8 23. Ne5 Bxe5 24. dxe5 Nd7 25. f4 g6 26. Be4 N7b6 27. b3 h5 28. Kf1 Rxc1 29. Rxc1 Rc8 30. Rxc8+ Nxc8 31. Ke2 Ke8 32. h3 Nce7 33. g4 hxg4 34. hxg4 Kd7 35. Kd3 b5 36. Be3 Nxe3 37. Kxe3 Kc7 38. Kd4 Kb6 39. b4 Nc6+ 40. Kc3 g5 41. fxg5 Nxe5 42. Kd4 Nxg4 43. g6 fxg6 44. Bxg6 Nf2 45. Bf7 a5 46. Bxe6 axb4 47. axb4 Nd1 48. Bb3 1/2-1/2


[Site "https://www.chess.com"]

[Event "Titled Tuesday Blitz August 1 Late 2023"]
[White "Djordjevic, Dejan N"]
[Black "Pein, Jonathan"]
[WhiteFideId "913316"]
[BlackFideId "417092"]
[WhiteElo "2081"]
[BlackElo "2410"]
[Result "1-0"]
[Round "4"]
[TimeControl "180+1"]
[Date "2023.08.01"]
[WhiteClock "0:01:25"]
[BlackClock "0:00:00"]
[Board "150"]

1. e4 e5 2. Nf3 Nf6 3. Nxe5 d6 4. Nf3 Nxe4 5. d4 d5 6. Bd3 f5 7. O-O Be6 8. Bf4 Be7 9. Re1 Nd7 10. c4 c6 11. Nc3 g5 12. Bxe4 dxe4 13. Nxg5 Bxg5 14. Qh5+ Bf7 15. Qxg5 Qxg5 16. Bxg5 Bxc4 17. f3 Rg8 18. Bh4 e3 19. Rxe3+ Kf8 20. Rae1 Bf7 21. Re7 Rd8 22. b3 b5 23. d5 cxd5 24. Nxb5 d4 25. Nxd4 Rg6 26. Nxf5 Nc5 27. Rxf7+ Kxf7 28. Bxd8 Ra6 29. Re2 Nd3 30. Bg5 Rc6 31. h4 Kg6 32. g4 h6 33. Bxh6 1-0


[Site "https://www.chess.com"]

[Event "Titled Tuesday Blitz August 1 Late 2023"]
[White "Uzcategui Rodriguez, Alejandro"]
[Black "MrLudus"]
[WhiteFideId "3903400"]
[WhiteElo "2407"]
[BlackElo "2066"]
[Result "0-1"]
[Round "4"]
[TimeControl "180+1"]
[Date "2023.08.01"]
[WhiteClock "0:00:02"]
[BlackClock "0:00:22"]
[Board "151"]

1. e4 c5 2. Nf3 d6 3. d4 cxd4 4. Nxd4 Nf6 5. Nc3 a6 6. Bc4 e6 7. Bb3 b5 8. Qf3 Qc7 9. O-O Be7 10. Qg3 O-O 11. Bh6 Ne8 12. Nf3 Kh8 13. Bf4 Bb7 14. a3 Nd7 15. Rfd1 Nc5 16. e5 d5 17. Bg5 Nxb3 18. cxb3 h6 19. Bf4 Rc8 20. Rac1 Qa5 21. b4 Qd8 22. Nd4 Nc7 23. Qe3 Bg5 24. Nf3 Bxf4 25. Qxf4 Qe7 26. Rd4 Na8 27. g4 g5 28. Qf6+ Qxf6 29. exf6 Nb6 30. Ne5 Rc7 31. Re1 Nc4 32. Nxc4 Rxc4 33. Red1 Kh7 34. Rxc4 bxc4 35. a4 Kg6 36. b5 Kxf6 37. b6 Rc8 38. a5 Rc5 39. Ra1 e5 40. Na4 Rb5 41. Kf1 Ke6 42. Nc3 Rxb2 43. Re1 Rb3 44. Ne2 Kd6 45. Ng3 c3 46. Nf5+ Kc5 47. Rxe5 c2 48. Re7 c1=Q+ 49. Kg2 Qf4 50. h3 Qf3+ 51. Kg1 Rb1+ 52. Kh2 Rh1# 0-1


[Site "https://www.chess.com"]

[Event "Titled Tuesday Blitz August 1 Late 2023"]
[White "Porat, Tori"]
[Black "Sliwicki, Damian"]
[WhiteFideId "30982626"]
[BlackFideId "1127128"]
[WhiteElo "1994"]
[BlackElo "2407"]
[Result "0-1"]
[Round "4"]
[TimeControl "180+1"]
[Date "2023.08.01"]
[WhiteClock "0:00:53"]
[BlackClock "0:01:30"]
[Board "152"]

1. d4 Nf6 2. c4 e5 3. dxe5 Ng4 4. Nf3 Nc6 5. Bf4 Bb4+ 6. Nc3 Qe7 7. e3 Ngxe5 8. Nxe5 Nxe5 9. Bxe5 Qxe5 10. Qb3 Bxc3+ 11. Qxc3 Qxc3+ 12. bxc3 b6 13. Bd3 Bb7 14. O-O Ke7 15. Rad1 Rhd8 16. Rb1 g6 17. c5 d6 18. cxb6 axb6 19. Bc4 Ra3 20. Bb3 Rda8 21. Rbd1 b5 22. Rd4 c5 23. Rd2 c4 24. Bc2 Rxa2 25. f3 R8a3 26. Rfd1 Rxc3 27. Rxd6 Rcxc2 28. Rd7+ Kf8 29. Rxb7 Rxg2+ 30. Kh1 Rxh2+ 31. Kg1 Rag2+ 32. Kf1 Rb2 33. Kg1 Rhe2 34. Rd8+ Kg7 35. Kf1 Rec2 36. Rd1 c3 37. e4 Rh2 38. Kg1 Rbg2+ 39. Kf1 c2 40. Rc1 Rd2 41. Ke1 Rd1+ 42. Rxd1 Rh1+ 0-1


[Site "https://www.chess.com"]

[Event "Titled Tuesday Blitz August 1 Late 2023"]
[White "Kazakov, Mikhail"]
[Black "Navyblue1"]
[WhiteFideId "14102749"]
[WhiteElo "2406"]
[BlackElo "1932"]
[Result "1-0"]
[Round "4"]
[TimeControl "180+1"]
[Date "2023.08.01"]
[WhiteClock "0:00:03"]
[BlackClock "0:00:02"]
[Board "153"]

1. e4 c5 2. Nf3 d6 3. d4 cxd4 4. Nxd4 Nf6 5. Nc3 a6 6. Be2 e5 7. Nf3 Be7 8. O-O O-O 9. b3 Qc7 10. Bb2 Be6 11. Re1 Nbd7 12. h3 h6 13. Bf1 Rac8 14. Rc1 Qc6 15. Nh4 Rfe8 16. Nf5 Bxf5 17. exf5 d5 18. Ne2 Bc5 19. Ng3 b5 20. c4 dxc4 21. bxc4 b4 22. Bd3 Qb6 23. Qf3 Rcd8 24. Be4 Nxe4 25. Nxe4 Nf6 26. Nxf6+ Qxf6 27. Re2 Bd4 28. Bxd4 exd4 29. Rxe8+ Rxe8 30. c5 Qd8 31. c6 Re7 32. Qd3 Rc7 33. Qxa6 d3 34. Rd1 Qd6 35. Rxd3 Qxc6 36. Qxc6 Rxc6 37. Rd8+ Kh7 38. Rd2 Rb6 39. Rb2 Ra6 40. g4 Ra4 41. Kg2 h5 42. Kg3 Kh6 43. Kh4 hxg4 44. hxg4 f6 45. f4 g6 46. fxg6 Kxg6 47. f5+ Kh6 48. Rd2 Ra6 49. Rb2 Ra4 50. Re2 Ra6 51. Rd2 Rb6 52. Rb2 Ra6 53. Rxb4 Rxa2 54. Rb6 Kg7 55. Rb7+ Kh6 56. Rf7 Ra6 57. Kg3 Ra3+ 58. Kh4 Ra6 59. Rf8 Rb6 60. Rh8+ Kg7 61. Re8 Rb1 62. Re7+ Kh6 63. Rf7 Rb6 64. Kg3 Rb3+ 65. Kh4 Rb6 66. Rc7 Ra6 67. Rc3 Rd6 68. Re3 Kg7 69. Re7+ Kh6 70. Re6 Rxe6 71. fxe6 Kg6 72. Kg3 Kg7 73. Kf4 Kf8 74. Ke4 Ke8 75. Kd4 Kd8 76. Kc5 Kc7 77. Kd5 Kd8 78. Kd6 Ke8 79. e7 1-0


[Site "https://www.chess.com"]

[Event "Titled Tuesday Blitz August 1 Late 2023"]
[White "Stachanczyk, Jacek"]
[Black "Vargas, Mauricio"]
[WhiteFideId "1116657"]
[BlackFideId "4404572"]
[WhiteElo "2406"]
[BlackElo "1892"]
[Result "1-0"]
[Round "4"]
[TimeControl "180+1"]
[Date "2023.08.01"]
[WhiteClock "0:01:39"]
[BlackClock "0:00:00"]
[Board "154"]

1. e4 d5 2. exd5 Qxd5 3. Nc3 Qa5 4. d4 c6 5. Bc4 Nf6 6. Bd2 Qc7 7. Nf3 Bg4 8. h3 Bh5 9. g4 Bg6 10. Ne5 e6 11. Qe2 Bd6 12. O-O-O O-O 13. h4 Nd5 14. h5 Bxc2 15. Kxc2 Nb4+ 16. Kb1 b5 17. Bb3 a5 18. h6 a4 19. Bc2 Nxc2 20. Kxc2 b4 21. hxg7 Rc8 22. Qe4 f5 23. gxf5 Qxg7 24. Rdg1 Bxe5 25. Qxe5 Ra7 26. Rxg7+ Rxg7 27. Qxe6+ Kf8 28. Qxc8+ Kf7 29. Qxb8 bxc3 30. Qc7+ 1-0


[Site "https://www.chess.com"]